 Dungeon Crawl Stone Soup version 0.31-a0-182-gc5ef74bbde (webtiles) character file.

Game seed: 9722127782532075609

815 qw the Chopper (level 7, 0/44 HPs)
             Began as a Gargoyle Fighter on June 20, 2023.
             Was an Initiate of Okawaru.
             Slain by a lemure (5 damage)
             ... led by Pikel
             ... on level 5 of the Dungeon.
             The game lasted 00:02:08 (3982 turns).

qw the Chopper (Gargoyle Fighter)                   Turns: 3982, Time: 00:02:08

Health: 0/44       AC: 17    Str: 21    XL:     7   Next: 94%
Magic:  7/7        EV:  6    Int:  9    God:    Okawaru [......]
Gold:   65         SH:  4    Dex:  9    Spells: 6/6 levels left

rFire   . . .        Y - +0 war axe
rCold   . . .        c - +0 buckler
rNeg    + . .        k - +1 plate armour
rPois   inf          g - +0 hat of Broken Taboos {Rampage rCorr}
rElec   +            (no cloak)
rCorr   +            (no gloves)
SInv    .            (no boots)
Will    .....        (no amulet) Stlth
                     (no ring)
HPRegen 0.27/turn    (no ring)
MPRegen 0.10/turn

%: rampage
@: about to teleport
A: sickness immunity, AC +4, negative energy resistance 1, electricity
resistance, torment resistance 1, petrification resistance
a: Renounce Religion


You were on level 5 of the Dungeon.
You worshipped Okawaru.
Okawaru was noncommittal.
You visited 2 branches of the dungeon, and saw 6 of its levels.

You collected 222 gold pieces.
You spent 157 gold pieces at shops.


Innate Abilities, Weirdness & Mutations

You are immune to sickness and miasma.
Your stone body is resilient. (AC +4)
You are immune to poison.
You resist negative energy. (rN+)
You are resistant to electric shocks. (rElec)
You are resistant to unholy torment.
You are immune to petrification.


   Skills:
 - Level 5.1 Fighting
 - Level 7.1 Axes
 - Level 4.0 Armour
 + Level 0.0 Dodging
 - Level 3.2 Shields


You had 6 spell levels left.
You didn't know any spells.
Your spell library was empty.

Inventory:

Hand Weapons
 a - a +0 mace of protection
 Y - a +0 war axe (weapon)
Armour
 c - a +0 buckler (worn)
 g - the +0 hat of Broken Taboos (worn) {Rampage rCorr}
   (You found it on level 2 of the Dungeon)

   rCorr:     It protects you from acid and corrosion.
   Rampage:   It bestows one free step when moving towards enemies.
 k - a +1 plate armour (worn)
Jewellery
 j - a ring of protection from cold
Scrolls
 l - a scroll of identify
 m - a scroll of brand weapon {unknown}
 n - a scroll of revelation {unknown}
Potions
 b - a potion of curing
 d - a potion of might
 f - 2 potions of resistance
 h - a potion of attraction
 i - a potion of degeneration {unknown}

Dungeon Overview and Level Annotations

Branches:
Dungeon (5/15)             Temple (1/1) D:4

Altars:
Cheibriados
Dithmenos
Elyvilon
Fedhas
Hepliaklqana
Kikubaaqudgha
Makhleb
Nemelex Xobeh
Okawaru
Qazlal
Ru
Sif Muna
Trog
Uskayaw
Vehumet
Wu Jian
Xom
Yredelemnul
The Shining One

Shops:
D:2 ?   D:4 *[*[

Annotations:
D:5 Pikel


Message History

Pikel is severely wounded.
You barely miss the lemure. You closely miss the lemure.
Pikel hits you but does no damage. The lemure completely misses you.
The lemure hits you but does no damage.
You barely miss Pikel.
Pikel is severely wounded.
You closely miss the lemure. You miss the lemure.
Pikel hits you but does no damage. You block the lemure's attack.
The lemure completely misses you.
You completely miss Pikel.
Pikel is severely wounded.
You hit the lemure but do no damage. You closely miss the lemure.
Pikel hits you but does no damage. The lemure hits you but does no damage.
The lemure hits you.
You barely miss Pikel.
Pikel is severely wounded.
You closely miss the lemure. You hit the lemure but do no damage.
Pikel says, "All the demons know me.
They respect me."
You block Pikel's attack.
The lemure hits you but does no damage. x2
You barely miss Pikel.
Pikel is severely wounded.
You closely miss the lemure. You slash the lemure! You block Pikel's attack.
The lemure hits you. The lemure hits you but does no damage.
3980 ||| READING scroll of teleportation.
As you read the scroll of teleportation, it crumbles to dust.
You feel strangely unstable. Pikel hits you but does no damage.
The lemure hits you but does no damage. x2
You hit Pikel but do no damage.
Pikel is severely wounded.
You hit the lemure but do no damage. You hit the lemure.
Pikel closely misses you. The lemure closely misses you.
You block the lemure's attack.
You barely miss Pikel.
Pikel is severely wounded.
You slash the lemure! You barely miss the lemure.
Pikel says, "You'll rot in Tartarus!"
Pikel hits you but does no damage. The lemure closely misses you.
The lemure hits you. x2
You die...

#..###.. ####.......
### #....##.... ##.##
#...##..... #...##
##...#..... #....#
##...#..... #...###
#...##..... #.....#
##.........
##@5..####.........
#K5...#..##.......
#55...#....#.......
........#........###.
.......#.......#...##.
.......#.#....###..#..
....#.........# .....
...#.....###.... ....
##..## #.##.. .....


You could see Pikel and 4 lemures.

Vanquished Creatures
  A steam dragon (D:4)
  An ice beast (D:4)
  A phantom (D:4)
  A bullfrog (D:4)
  6 hounds
  A jelly (D:3)
  2 sleepcaps
  Terence (D:3)
  Ijyb (D:3)
  6 adders
  A worm (D:4)
  3 dart slugs
  6 orcs
  6 endoplasms
  2 giant cockroaches
  3 goblins
  4 hobgoblins
  8 jackals
  7 kobolds
  5 quokkas
  3 ball pythons
  A bat (D:2)
  3 frilled lizards
  6 rats
79 creatures vanquished.

Vanquished Creatures (others)
  A giant cockroach (D:4)
  A hobgoblin (D:4)
2 creatures vanquished.

Grand Total: 81 creatures vanquished

Notes
Turn   | Place    | Note
-------+----------+-------------------------------------------
     0 | D:1      | qw the Gargoyle Fighter began the quest for the Orb.
     0 | D:1      | Reached XP level 1. HP: 14/14 MP: 1/1
     0 | D:1      | 0 ||| qw: Version: 0.3-a-9-g12657ce
     0 | D:1      | 0 ||| qw: Game counter: 1410
     0 | D:1      | 0 ||| qw: Always use a shield: true
     0 | D:1      | 0 ||| qw: God list: Okawaru
     0 | D:1      | 0 ||| qw: Allow faded altars: false
     0 | D:1      | 0 ||| qw: Do Orc after D:15 true
     0 | D:1      | 0 ||| qw: Do second Lair branch before Depths: true
     0 | D:1      | 0 ||| qw: Lair rune preference: random
     0 | D:1      | 0 ||| qw: Plans: Normal, Zot:1-4, Slime:5, God:TSO, Crypt,
                  | Tomb, Abyss, Pan, Hells, Win
     0 | D:1      | 0 ||| PLANNING D:1-11
    19 | D:1      | 19 ||| READING scroll labelled VUITRO TODIKY.
   118 | D:1      | Reached skill level 2 in Axes
   277 | D:1      | Reached XP level 2. HP: 12/19 MP: 2/2
   647 | D:1      | 647 ||| Stepping ~*~*~tactically~*~*~ (stealth).
   904 | D:1      | 904 ||| READING 2 scrolls labelled SENGYO POXZAG.
   909 | D:1      | 909 ||| READING scroll labelled RUMOK QAGULLU.
   910 | D:1      | 910 ||| READING scroll labelled ERITO PONISACH.
   911 | D:1      | 911 ||| READING scroll labelled UJIFIPH INTAETZ.
   941 | D:2      | 941 ||| Stepping ~*~*~tactically~*~*~ (hiding).
   942 | D:2      | 942 ||| Stepping ~*~*~tactically~*~*~ (hiding).
   948 | D:2      | Reached skill level 3 in Axes
   958 | D:2      | Reached XP level 3. HP: 20/23 MP: 3/3
  1008 | D:2      | Identified the +0 hat of Broken Taboos {Rampage rCorr}
  1022 | D:2      | Reached XP level 4. HP: 23/28 MP: 4/4
  1142 | D:2      | 1142 ||| Stepping ~*~*~tactically~*~*~ (hiding).
  1313 | D:2      | Found a faded altar of an unknown god.
  1369 | D:2      | Reached skill level 4 in Axes
  1475 | D:2      | Found Guclyse's Magic Scroll Boutique.
  1478 | D:2      | 1478 ||| BUYING scroll of enchant armour (82 gold).
  1478 | D:2      | Bought a scroll of enchant armour for 82 gold pieces
  1478 | D:2      | 1478 ||| SHOPLISTING scroll of enchant weapon (82 gold,
                  | have 6).
  1478 | D:2      | 1478 ||| SHOPLISTING scroll of teleportation (33 gold, have
                  | 6).
  1540 | D:2      | 1540 ||| UPGRADING to +0 hat of Broken Taboos {Rampage
                  | rCorr}.
  1545 | D:2      | 1545 ||| DROPPING orb of light.
  1546 | D:2      | 1546 ||| UPGRADING to +0 plate armour.
  1556 | D:2      | 1556 ||| DROPPING +0 scale mail.
  1557 | D:2      | 1557 ||| READING scroll of enchant armour.
  1557 | D:2      | 1557 ||| ENCHANTING +0 plate armour.
  1558 | D:2      | 1558 ||| READING 4 scrolls labelled TINTEG AC SANN.
  1559 | D:2      | 1559 ||| READING scroll labelled XIFOOL LIYSCH.
  1576 | D:2      | 1576 ||| READING scroll labelled BUAMAY JAKUDAT.
  1577 | D:2      | 1577 ||| DROPPING 3 scrolls of blinking.
  1701 | D:3      | Reached XP level 5. HP: 31/32 MP: 5/5
  1718 | D:3      | Noticed Terence
  1728 | D:3      | Killed Terence
  1739 | D:3      | Found a blossoming altar of Fedhas.
  1812 | D:3      | 1812 ||| DROPPING +0 club.
  1904 | D:3      | Noticed Ijyb
  1910 | D:3      | Killed Ijyb
  1911 | D:3      | Reached skill level 5 in Axes
  2011 | D:3      | 2011 ||| Stepping ~*~*~tactically~*~*~ (hiding).
  2336 | D:3      | 2336 ||| READING scroll labelled VABBOU ARHAMM.
  2337 | D:3      | 2337 ||| READING 2 scrolls of identify.
  2337 | D:3      | 2337 ||| IDENTIFYING brown potion
  2347 | D:4      | Found Xoylex's Antique Armour Emporium.
  2350 | D:4      | 2350 ||| SHOPLISTING helmet (112 gold, have 52).
  2350 | D:4      | 2350 ||| SHOPLISTING runed plate armour (650 gold, have
                  | 52).
  2350 | D:4      | 2350 ||| SHOPLISTING shiny chain mail (187 gold, have 52).
  2365 | D:4      | 2365 ||| DROPPING +0 whip.
  2388 | D:4      | Noticed an ice beast
  2408 | D:4      | Killed an ice beast
  2409 | D:4      | Reached XP level 6. HP: 17/39 MP: 6/6
  2409 | D:4      | 2409 ||| FLEEEEING.
  2410 | D:4      | 2410 ||| FLEEEEING.
  2411 | D:4      | 2411 ||| FLEEEEING.
  2412 | D:4      | 2412 ||| FLEEEEING.
  2413 | D:4      | 2413 ||| FLEEEEING.
  2414 | D:4      | 2414 ||| STAIRDANCE
  2501 | D:4      | 2501 ||| STAIRDANCE
  2536 | D:4      | Found Barghez's General Store.
  2544 | D:4      | 2544 ||| SHOPLISTING +2 cloak (198 gold, have 67).
  2549 | D:4      | 2549 ||| Stepping ~*~*~tactically~*~*~ (hiding).
  2550 | D:4      | 2550 ||| Stepping ~*~*~tactically~*~*~ (hiding).
  2718 | D:4      | Noticed a steam dragon
  2723 | D:4      | 2723 ||| Stepping ~*~*~tactically~*~*~ (cloud).
  2735 | D:4      | HP: 7/39 [steam dragon (3)]
  2736 | D:4      | 2736 ||| READING 2 scrolls of teleportation.
  2737 | D:4      | Killed a steam dragon
  2738 | D:4      | Reached XP level 7. HP: 7/44 MP: 7/7
  2738 | D:4      | Found a bloodstained altar of Trog.
  2739 | D:4      | Reached skill level 6 in Axes
  2877 | D:4      | Found an ornate altar of the Wu Jian Council.
  2903 | D:4      | Found Ugyogg's Weapon Emporium.
  2905 | D:4      | Found Aculoq's Armour Emporium.
  2909 | D:4      | 2909 ||| Stepping ~*~*~tactically~*~*~ (stealth).
  2911 | D:4      | 2911 ||| SHOPLISTING +1 chain mail "Jureczou" {rElec rC+
                  | Will- Int+2} (305 gold, have 94).
  2911 | D:4      | 2911 ||| SHOPLISTING +1 pair of gloves of dexterity (165
                  | gold, have 94).
  2911 | D:4      | 2911 ||| SHOPLISTING -1 pair of boots of Least Resistance
                  | {rPois rCorr Str+3} (226 gold, have 94).
  2914 | D:4      | 2914 ||| Stepping ~*~*~tactically~*~*~ (stealth).
  2915 | D:4      | 2915 ||| Stepping ~*~*~tactically~*~*~ (stealth).
  2924 | D:4      | 2924 ||| Stepping ~*~*~tactically~*~*~ (stealth).
  3111 | D:4      | Found a staircase to the Ecumenical Temple.
  3112 | D:4      | 3112 ||| PLANNING TEMPLE
  3112 | D:4      | 3112 ||| READING 3 scrolls of identify.
  3112 | D:4      | 3112 ||| IDENTIFYING smoky silvery potion
  3113 | D:4      | 3113 ||| READING 2 scrolls of identify.
  3113 | D:4      | 3113 ||| IDENTIFYING fuming yellow potion
  3114 | D:4      | 3114 ||| DROPPING potion of berserk rage.
  3123 | Temple   | Entered the Ecumenical Temple
  3125 | Temple   | 3125 ||| PLANNING OKAWARU WORSHIP
  3253 | Temple   | Became a worshipper of Warmaster Okawaru
  3254 | Temple   | 3254 ||| PLANNING D:1-11
  3347 | D:4      | Found Dopnine's Assorted Antiques.
  3352 | D:4      | 3352 ||| BUYING 2 red potions (50 gold).
  3352 | D:4      | Bought 2 red potions for 50 gold pieces
  3352 | D:4      | 3352 ||| BUYING blue potion (25 gold).
  3352 | D:4      | Bought a blue potion for 25 gold pieces
  3352 | D:4      | 3352 ||| SHOPLISTING fizzy yellow potion (25 gold, have
                  | 19).
  3352 | D:4      | 3352 ||| SHOPLISTING gluggy blue potion (25 gold, have 19).
  3352 | D:4      | 3352 ||| SHOPLISTING pair of runed gloves (210 gold, have
                  | 19).
  3352 | D:4      | 3352 ||| SHOPLISTING potion of curing (84 gold, have 19).
  3352 | D:4      | 3352 ||| SHOPLISTING scroll labelled FUESUVUOKK (28 gold,
                  | have 19).
  3632 | D:4      | Reached skill level 7 in Axes
  3641 | D:4      | You fall into a shaft and drop 1 floor!
  3641 | D:5      | Entered Level 5 of the Dungeon
  3679 | D:5      | 3679 ||| DRINKING 2 red potions.
  3775 | D:4      | Found a white marble altar of Elyvilon.
  3959 | D:5      | Noticed Pikel
  3960 | D:5      | 3960 ||| Stepping ~*~*~tactically~*~*~ (stealth).
  3962 | D:5      | 3962 ||| Stepping ~*~*~tactically~*~*~ (stealth).
  3964 | D:5      | 3964 ||| Stepping ~*~*~tactically~*~*~ (stealth).
  3979 | D:5      | HP: 8/44 [lemure[Pikel] (4)]
  3980 | D:5      | 3980 ||| READING scroll of teleportation.
  3982 | D:5      | Slain by a lemure

Levels and vault maps discovered:
D:1:      nzn_arrival_water_spiral, layout_loops_ring, palyth_stone_intersect
D:2:      layout_rooms, shapermc_ecumenical_altar_mp_ritualfount, serial_shops,
          nicolae_shop_rolled_up
D:3:      layout_loops_ring, mainiacjoe_overflow_cross_hatched, uniq_ijyb,
          uniq_terence
D:4:      layout_gridville, chequers_temple_overflow_statue_of_worship,
          nicolae_elyvilon_temple_path, minmay_temple_entry_antechambers,
          serial_shops, shop, nicolae_stop_n_shop_1, shop, shop,
          kennysheep_little_box, grunt_ministairs_2, minivault_27
D:5:      layout_cave_pools, kennysheep_crisscross, uniq_pikel
Temple:   regret_index_temple_waves

Skill      XL: |  1  2  3  4  5  6  7 |
---------------+----------------------+-----
Axes           | 2 3 4 5 7 |  7.1
Fighting       | 4 5 |  5.1
Armour         | 4 |  4.0
Shields        | |  3.2

Action                     |  1- 3 |  4- 6 |  7- 9 || total
---------------------------+-------+-------+-------++-------
  Melee: War axe           |    75 |   149 |   120 ||   344
    Use: Scroll            |     5 |     7 |     3 ||    15
         Potion            |       |       |     1 ||     1
 Armour: Scale mail        |    38 |    20 |       ||    58
         Plate armour      |       |    83 |   115 ||   198
  Dodge: Dodged            |    24 |    41 |    54 ||   119
  Block: Buckler           |    18 |    25 |    18 ||    61

Table legend:
 A = Non-vault XP
 B = Vault XP
 C = Vault XP percentage of total XP
 D = Non-vault monster count
 E = Vault monster count
 F = Vault count percentage of total count
                 A         B        C        D         E       F
            +---------+---------+-------+---------+---------+-------
      Total |     959 |     206 |  17.7 |      76 |       4 |   5.0
            +---------+---------+-------+---------+---------+-------
        D:1 |      27 |       0 |   0.0 |      16 |       0 |   0.0
        D:2 |      85 |       0 |   0.0 |      18 |       0 |   0.0
        D:3 |      94 |      74 |  44.0 |      16 |       2 |  11.1
        D:4 |     642 |     132 |  17.1 |      22 |       2 |   8.3
        D:5 |     111 |       0 |   0.0 |       4 |       0 |   0.0
            +---------+---------+-------+---------+---------+-------
